 Dungeon Crawl Stone Soup version 0.28-a0-957-g42eb19b844 (webtiles) character file.

Game seed: 6499480230344362371

91 ytrimaz the Shield-Bearer (level 4, -2/37 HPs)
             Began as a Formicid Fighter on Nov 30, 2021.
             Succumbed to Crazy Yiuf's poison
             ... on level 2 of the Dungeon.
             The game lasted 00:03:35 (2351 turns).

ytrimaz the Shield-Bearer (Formicid Fighter)        Turns: 2351, Time: 00:03:36

Health: -2/37      AC:  7    Str: 23    XL:     4   Next: 88%
Magic:  4/4        EV:  9    Int:  7    God:
Gold:   130        SH:  9    Dex: 10    Spells: 3/3 levels left

rFire   . . .      SeeInvis +   a - +0 war axe
rCold   . . .      Faith    .   c - +0 buckler
rNeg    . . .      Spirit   .   b - +0 scale mail
rPois   .          Reflect  +   (helmet unavailable)
rElec   .          Harm     .   (no cloak)
rCorr   .          Rampage  .   (no gloves)
Will    .....                   (no boots)
Stlth   ..........              f - amulet of reflection
HPRegen 0.12/turn               (no ring)
MPRegen 0.09/turn               (no ring)

@: brilliant, lethally poisoned (-2 -> -25)
A: permanent stasis, dig shafts and tunnels, antennae 3, four strong arms
a: Dig, Shaft Self


You were on level 2 of the Dungeon.
You visited 1 branch of the dungeon, and saw 2 of its levels.

You collected 130 gold pieces.

Inventory:

Hand Weapons
 a - a +0 war axe (weapon)
Armour
 b - a +0 scale mail (worn)
 c - a +0 buckler (worn)
Jewellery
 f - an amulet of reflection (around neck)
 j - a +4 ring of protection
Scrolls
 g - 3 scrolls of identify {unknown}
 i - a scroll of noise {unknown}
Potions
 d - 2 potions of might
 e - a potion of brilliance
 h - a potion of degeneration {unknown}


   Skills:
 + Level 3.7 Fighting
 + Level 3.7 Axes
 + Level 3.7 Armour
 + Level 0.3 Stealth
 + Level 4.0 Shields


You had 3 spell levels left.
You didn't know any spells.
Your spell library was empty.

Dungeon Overview and Level Annotations

Branches:
Dungeon (2/15)

Altars:

Shops:
D:2 [

Annotations:
D:2 Crazy Yiuf


Innate Abilities, Weirdness & Mutations

You cannot be hasted, slowed, berserked, paralysed or teleported.
You can dig through walls and to a lower floor.
You have a pair of large antennae on your head. (SInv)
Your four strong arms can wield two-handed weapons with a shield.


Message History

You now have 130 gold pieces (gained 17).
There is a fountain of clear blue water here.
There is an entrance to Xuikkaoshrua's Armour Shoppe here.
There is a fountain of clear blue water here.
Key pressed, stopping explore.
Crazy Yiuf shouts!
Crazy Yiuf cries, "Snoogle meccalolo childish!"
Crazy Yiuf cries, "You leg down broken song, no?"
Crazy Yiuf laughs, "Proton testudinal hog!"
Could not explore, unopened runed door.
Could not explore, unopened runed door.
You open the door. You hit Crazy Yiuf but do no damage.
You block Crazy Yiuf's attack. x2
You barely miss Crazy Yiuf. You block Crazy Yiuf's attack.
You closely miss Crazy Yiuf.
Crazy Yiuf hits you with a +4 quarterstaff of chaos!
You slash Crazy Yiuf!
Crazy Yiuf is heavily wounded.
Crazy Yiuf hits you with a +4 quarterstaff of chaos!
You closely miss Crazy Yiuf.
Crazy Yiuf is heavily wounded.
Crazy Yiuf hits you with a +4 quarterstaff of chaos.
Crazy Yiuf freezes you. You block Crazy Yiuf's attack.
You slash Crazy Yiuf!
Crazy Yiuf is almost dead.
You block Crazy Yiuf's attack.
You closely miss Crazy Yiuf.
Crazy Yiuf is almost dead.
You block Crazy Yiuf's attack.
You barely miss Crazy Yiuf.
Crazy Yiuf is almost dead.
You block Crazy Yiuf's attack.
Crazy Yiuf hits you with a +4 quarterstaff of chaos!
* * * LOW HITPOINT WARNING * * *
You are lethally poisoned!
Unknown command.
You are too injured to fight recklessly!
It was a potion of brilliance.
You feel clever all of a sudden.
You die...

..####
##.#.................#
#....##
#.##............###⌠.
####..##
#.##............###.∩
##..##
############.......÷.
###..# #.....#...
####...## #.......##
........#### ###
#.....)###
##+##......## ###..)#
#........#
#...#.......####@g...#
#.....#..#
#.8.#........#..##...#
#.........
#...#.......#.### ###
#..##..#.<
##'##)..#######
##.###.##. ........#
#.###.##. ........##
#########.#......
.........#
#.##.............
........##
#................
##....<##
###..............


You could see Crazy Yiuf.

Vanquished Creatures
  An adder (D:2)
  3 gnolls (D:2)
  A worm (D:2)
  2 dart slugs (D:2)
  5 bats
  8 endoplasms
  A giant cockroach (D:2)
  4 goblins
  3 hobgoblins (D:2)
  7 jackals (D:2)
  2 ball pythons (D:2)
  A frilled lizard (D:2)
  2 kobolds (D:2)
  2 rats (D:2)
42 creatures vanquished.

Notes
Turn   | Place    | Note
-------+----------+-------------------------------------------
     0 | D:1      | ytrimaz the Formicid Fighter began the quest for the Orb.
     0 | D:1      | Reached XP level 1. HP: 18/18 MP: 1/1
   441 | D:1      | Reached XP level 2. HP: 20/21 MP: 2/2
   890 | D:2      | Found a runed translucent door.
   891 | D:2      | Noticed Crazy Yiuf
  1310 | D:2      | Reached XP level 3. HP: 6/29 MP: 3/3
  1586 | D:2      | Reached XP level 4. HP: 17/35 MP: 4/4
  1876 | D:2      | Found Xuikkaoshrua's Armour Shoppe.
  2037 | D:2      | Reached skill level 4 in Shields
  2351 | D:2      | Succumbed to Crazy Yiuf's poison

Illustrated notes

Levels and vault maps discovered:
D:1:      saegor_arrival_simple_c, layout_loops_cross
D:2:      layout_rooms, serial_shops, shop_fountains, minmay_misc_feat_room,
          minmay_randomly_rotated_circles, uniq_crazy_yiuf_cottage

Skill      XL: |  1  2  3  4 |
---------------+-------------+-----
Axes           | 3 |  3.7
Shields        | 4 |  4.0
Fighting       | |  3.7
Armour         | |  3.7
Stealth        | |  0.3

Action                   |  1- 3 |  4- 6 || total
-------------------------+-------+-------++-------
Melee: War axe           |    57 |    60 ||   117
  Use: Scroll            |     1 |       ||     1
       Potion            |       |     1 ||     1
Armor: Scale mail        |    64 |    45 ||   109
Dodge: Dodged            |    52 |    43 ||    95
Block: Buckler           |    38 |    41 ||    79

Table legend: (Time is in decaauts)
 A = Elapsed time spent in this place.
 B = Non-inter-level travel time spent in this place.
 C = Inter-level travel time spent in this place.
 D = Time resting spent in this place.
 E = Time spent auto-exploring this place.
 F = Levels seen in this place.
 G = Mean time per level.
                   A        B        C        D        E       F      G
               +--------+--------+--------+--------+--------+-----+--------+
         Total |   2393 |   2357 |     36 |    462 |   1557 |   2 | 1196.5 |
       Dungeon |   2393 |   2357 |     36 |    462 |   1557 |   2 | 1196.5 |
               +--------+--------+--------+--------+--------+-----+--------+

Top non-repeatable levels by time:
     D:2: 1461 daAuts
     D:1: 932 daAuts
